 Dungeon Crawl Stone Soup version 0.25.0-9-g26727b657a (webtiles) character file.

Game seed: 14288825136644869511

16051 mortelune the Grappler (level 12, -7/108 HPs)
             Began as a Ghoul Warper on June 20, 2020.
             Was an Elder of Makhleb.
             Mangled by a very large slime creature (44 damage)
             ... on level 12 of the Dungeon.
             The game lasted 00:33:56 (17866 turns).

mortelune the Grappler (Ghoul Warper)              Turns: 17866, Time: 00:33:56

Health: -7/108     AC:  9    Str: 19    XL:     12   Next: 33%
Magic:  17/17      EV: 15    Int: 15    God:    Makhleb [****..]
Gold:   859        SH:  0    Dex:  8    Spells: 6/14 levels left

rFire    . . .     SeeInvis +     - Unarmed
rCold    + . .     Gourm    .   (no shield)
rNeg     + + +     Faith    .   w - +1 leather armour of Pragmatism {Int+6 SInv Stlth+}
rPois    ∞         Spirit   .   I - +1 helmet {SInv}
rElec    .         Reflect  .   M - +0 cloak {MR+}
rCorr    .         Harm     .   (no gloves)
MR       +....                  J - +0 pair of boots
Stlth    +++.......             R - amulet of regeneration
HPRegen  0.00/turn              S - ring of see invisible
MPRegen  0.15/turn              G - ring of stealth

@: very slightly contaminated, rotting
A: rotting body, claws 1, carnivore, cold resistance 1, negative energy
resistance 3, inhibited regeneration, torment resistance, unbreathing
a: Minor Destruction, Lesser Servant of Makhleb, Major Destruction, Renounce
Religion


You were on level 12 of the Dungeon.
You worshipped Makhleb.
Makhleb was greatly pleased with you.
You were not hungry.

You visited 1 branch of the dungeon, and saw 12 of its levels.

You collected 859 gold pieces.

Inventory:

Hand Weapons
 b - a +4 hunting sling
Missiles
 c - 33 poisoned darts (quivered)
 d - 2 boomerangs of dispersal
 l - 4 silver javelins
 u - 15 javelins
 Q - 262 stones
 V - 3 boomerangs
Armour
 a - a +0 leather armour
 w - the +1 leather armour of Pragmatism (worn) {Int+6 SInv Stlth+}
   (You found it on level 4 of the Dungeon)

   It affects your intelligence (+6).
   It lets you see invisible.
   It makes you more stealthy.
 I - a +1 helmet of see invisible (worn)
 J - a +0 pair of boots (worn)
 M - a +0 cloak of magic resistance (worn)
 X - a +10 plate armour of ponderousness
Jewellery
 y - an uncursed ring of magical power
 G - a ring of stealth (right claw)
 N - an uncursed ring of positive energy
 P - an uncursed ring of poison resistance
 R - an amulet of regeneration (around neck)
 S - a ring of see invisible (left claw)
Wands
 m - a wand of polymorph (9)
 v - a wand of paralysis (16)
 z - a wand of flame (11)
 D - a wand of digging (6)
 H - a wand of acid (7)
 K - a wand of iceblast (10)
 L - a wand of enslavement (7)
Scrolls
 f - 3 scrolls of fog
 g - 3 scrolls of amnesia
 i - 2 scrolls of identify
 n - a scroll of magic mapping
 r - 6 scrolls of remove curse
 t - 2 scrolls of teleportation
 C - 4 scrolls of enchant weapon
 O - a scroll of noise
 T - 2 scrolls of random uselessness
 W - a scroll of immolation
Potions
 e - a potion of flight
 h - 2 potions of heal wounds
 j - 2 potions of brilliance
 p - 2 potions of curing
 q - a potion of berserk rage
 s - 4 potions of haste
 A - 4 potions of stabbing
 F - 2 potions of resistance
 U - a potion of invisibility {unknown}
Miscellaneous
 E - a tin of tremorstones (3/3)
Comestibles
 k - 8 chunks of flesh
 o - 21 rations


   Skills:
 + Level 10.7 Fighting
 - Level 0.8 Throwing
 * Level 5.9 Armour
 - Level 8.1 Dodging
 + Level 12.2 Unarmed Combat
 - Level 1.7 Spellcasting
 - Level 2.6 Translocations
 + Level 8.6 Invocations


You had 6 spell levels left.
You knew the following spells:

 Your Spells              Type           Power        Failure   Level  Hunger
a - Blink                 Tloc           N/A          13%         2    ###....
b - Shroud of Golubria    Chrm/Tloc      #.....       22%         2    ###....
c - Passage of Golubria   Tloc           N/A          65%         4    #####..

Your spell library contained the following spells:

 Spells                   Type           Power        Failure   Level  Hunger
 Apportation              Tloc           #.....       9%          1    ##.....
 Animate Skeleton         Necr           N/A          26%         1    ##.....
 Corona                   Hex            #......      26%         1    ##.....
 Magic Dart               Conj           #...         26%         1    ##.....
 Pain                     Necr           #...         26%         1    ##.....
 Summon Small Mammal      Summ           #...         26%         1    ##.....
 Gell's Gravitas          Tloc           #.........   26%         3    ####...
 Lesser Beckoning         Tloc           #.........   26%         3    ####...
 Teleport Other           Tloc           #.......     26%         3    ####...
 Call Imp                 Summ           #.......     36%         2    ###....
 Slow                     Hex            #.......     36%         2    ###....
 Confusing Touch          Hex            #.......     61%         3    ####...
 Conjure Flame            Conj/Fire      #.......     61%         3    ####...
 Mephitic Cloud           Conj/Pois/Air  #.......     61%         3    ####...
 Vampiric Draining        Necr           #.........   61%         3    ####...
 Animate Dead             Necr           N/A          95%         4    #####..
 Petrify                  Tmut/Erth      #.......     95%         4    #####..
 Agony                    Necr           #.......     100%        5    ######.
 Metabolic Englaciation   Hex/Ice        #.........   100%        5    ######.
 Yara's Violent Unravell  Hex/Tmut       #.........   100%        5    ######.


Dungeon Overview and Level Annotations

Branches:
Dungeon (12/15)            Temple (0/1) D:4            Lair (0/6) D:8
    Orc (0/2) D:9

Altars:
Elyvilon
Gozag
Hepliaklqana
Makhleb
Okawaru
Qazlal
Ru
Wu Jian
Yredelemnul
The Shining One

Shops:
D:12 %*[(

Annotations:
D:8 Gastronok
D:11 2 transporters, Arthanis's ghost, journeyman GrBe


Innate Abilities, Weirdness & Mutations

Your body is rotting away.
You thrive on raw meat.
You are immune to poison.
You have sharp fingernails.
You are carnivorous and can eat meat at any time.
Your flesh is cold resistant. (rC+)
You are immune to negative energy. (rN+++)
You do not regenerate when monsters are visible.
You are immune to unholy pain and torment.
You can survive without breathing.


Message History

Aim: a slime creature (severely wounded)
The puff of flame hits the slime creature.
The slime creature is severely wounded.
You scratch the slime creature.
The slime creature is severely wounded.
You feel much better. The slime creature barely misses you.
Two slime creatures merge to form a large slime creature.
You mangle the large slime creature!! You claw the large slime creature!
The large slime creature is almost dead.
You completely miss the large slime creature.
The large slime creature is almost dead.
Two slime creatures merge to form a very large slime creature.
You mangle the very large slime creature!!
The very large slime creature is almost dead.
You scratch the very large slime creature.
The very large slime creature is almost dead.
You scratch the very large slime creature.
The very large slime creature is almost dead.
The very large slime creature hits you!!!
You die...

... #.### #... #..#
#..#
################..#
.................>#
.####.#.#.###.##.##
......#.#.# #.##@#
......#.#.###.##J#
............#..#.######
..≈≈≈≈≈.....##.#..§...#
.≈≈≈≈≈≈.....# .######.#
.≈≈≈≈.......# .# #.#
.≈≈≈≈.......# .# #.#
............# #.#
............# #......#


You could see a very large slime creature.

Vanquished Creatures
  A hydra (D:11)
  2 two-headed ogres
  Pikel (D:5)
  A cyclops (D:8)
  A manticore (D:12)
  Maurice (D:8)
  A centaur skeleton (D:11)
  2 trolls
  A queen bee (D:11)
  2 hippogriffs
  Sigmund (D:3)
  A wraith (D:10)
  A shadow (D:12)
  A wyvern (D:12)
  12 yaks
  A hungry ghost (D:10)
  Edmund (D:5)
  3 water moccasins
  An acid dragon (D:12)
  A soldier ant (D:12)
  3 porcupines (D:8)
  5 phantoms
  3 orc warriors (D:9)
  3 sky beasts
  A black bear (D:8)
  5 necrophages
  5 ogres
  7 centaurs
  4 crocodiles (D:8)
  2 big kobolds (D:7)
  A gnoll sergeant (D:7)
  10 bullfrogs
  A wyvern zombie (D:6)
  3 scorpions
  27 killer bees
  A water moccasin skeleton (D:9)
  5 wights (D:12)
  An electric eel (D:8)
  3 howler monkeys
  7 crimson imps
  A bullfrog zombie (D:10)
  A jelly (D:3)
  2 quasits
  2 bullfrog skeletons
  9 hounds
  5 gnoll shamans
  10 orc priests
  5 iguanas
  Ijyb (D:5)
  11 worker ants
  13 orc wizards
  Natasha (twice) (D:2)
  A hound skeleton (D:5)
  A howler monkey zombie (D:6)
  11 gnolls
  A howler monkey skeleton (D:6)
  11 adders
  3 shadow imps
  3 adder zombies
  An adder skeleton (D:5)
  A worm (D:4)
  4 dart slugs
  6 leopard geckos
  46 orcs
  6 giant cockroaches
  7 goblins
  13 hobgoblins
  3 jackals (D:2)
  5 quokkas
  5 bats
  2 frilled lizards (D:2)
  2 jackal skeletons
  16 kobolds
  5 rats
  A spectral orc (D:4)
  2 plants
351 creatures vanquished.

Vanquished Creatures (collateral kills)
  A hornet (D:10)
  An ice beast (D:9)
  4 killer bees
  An orc priest (D:9)
  2 worker ant zombies (D:9)
  An orc (D:9)
10 creatures vanquished.

Vanquished Creatures (others)
  3 slaves (D:5)
  A howler monkey zombie (D:5)
  A gnoll (D:6)
  An orc (D:9)
  4 fungi (D:8)
  13 plants (D:8)
23 creatures vanquished.

Grand Total: 384 creatures vanquished

Notes
Turn   | Place    | Note
-------+----------+-------------------------------------------
     0 | D:1      | mortelune the Ghoul Warper began the quest for the Orb.
     0 | D:1      | Reached XP level 1. HP: 17/17 MP: 2/2
   687 | D:1      | Reached XP level 2. HP: 25/25 MP: 3/3
  1292 | D:2      | Noticed Natasha
  1449 | D:1      | Reached skill level 3 in Unarmed Combat
  1560 | D:2      | Reached XP level 3. HP: 26/28 MP: 4/4
  1962 | D:2      | Killed Natasha
  1962 | D:2      | Reached XP level 4. HP: 32/38 MP: 5/5
  2258 | D:2      | Reached skill level 4 in Unarmed Combat
  2637 | D:2      | Noticed Natasha
  2645 | D:2      | Killed Natasha
  2645 | D:2      | Reached XP level 5. HP: 45/45 MP: 6/6
  2678 | D:3      | Noticed Sigmund
  2684 | D:3      | Killed Sigmund
  2684 | D:3      | Reached skill level 5 in Unarmed Combat
  2684 | D:3      | Reached XP level 6. HP: 43/52 MP: 7/7
  3083 | D:3      | Found a burning altar of Makhleb.
  3095 | D:3      | Became a worshipper of Makhleb the Destroyer
  3221 | D:3      | Learned a level 2 spell: Blink
  3224 | D:3      | Learned a level 2 spell: Shroud of Golubria
  3868 | D:4      | Noticed a phantom
  3882 | D:4      | Killed a phantom
  3882 | D:4      | Reached XP level 7. HP: 46/58 MP: 8/8
  3984 | D:4      | Reached skill level 6 in Unarmed Combat
  4689 | D:4      | Found a staircase to the Ecumenical Temple.
  4883 | D:4      | Found a faded altar of an unknown god.
  4883 | D:4      | Found a stormy altar of Qazlal.
  4888 | D:4      | Found a white marble altar of Elyvilon.
  4890 | D:4      | Found an ornate altar of the Wu Jian Council.
  4891 | D:4      | Found a sacrificial altar of Ru.
  4942 | D:4      | Found a basalt altar of Yredelemnul.
  5013 | D:4      | Found a glowing golden altar of the Shining One.
  5091 | D:4      | Got a translucent leather armour
  5102 | D:4      | Identified the +1 leather armour of Pragmatism {Int+6 SInv
                  | Stlth+} (You found it on level 4 of the Dungeon)
  5156 | D:5      | Entered Level 5 of the Dungeon
  5250 | D:5      | Reached skill level 5 in Fighting
  5313 | D:5      | Noticed Pikel
  5320 | D:5      | Noticed Edmund
  5326 | D:5      | Killed Pikel
  5326 | D:5      | Reached skill level 7 in Unarmed Combat
  5326 | D:5      | Reached XP level 8. HP: 26/65 MP: 9/9
  5549 | D:5      | Reached skill level 8 in Unarmed Combat
  5628 | D:5      | Reached * piety under Makhleb
  5731 | D:5      | Noticed Ijyb
  5736 | D:5      | Killed Ijyb
  5736 | D:5      | Reached skill level 5 in Dodging
  5817 | D:5      | Killed Edmund
  6575 | D:6      | Reached XP level 9. HP: 76/76 MP: 10/10
  6664 | D:5      | Reached skill level 9 in Unarmed Combat
  7043 | D:6      | Reached skill level 1 in Invocations
  7624 | D:6      | Found a hazy altar of Hepliaklqana.
  7875 | D:6      | Found an opulent altar of Gozag.
  9437 | D:7      | Reached ** piety under Makhleb
  9847 | D:7      | Reached skill level 10 in Unarmed Combat
  9858 | D:7      | Reached XP level 10. HP: 68/87 MP: 11/11
 10919 | D:8      | Noticed Maurice
 10937 | D:8      | Noticed Gastronok
 11051 | D:8      | Noticed a cyclops
 11067 | D:8      | Killed a cyclops
 11067 | D:8      | Reached skill level 5 in Invocations
 11382 | D:8      | Killed Maurice
 11683 | D:9      | Reached *** piety under Makhleb
 12201 | D:9      | Found a staircase to the Orcish Mines.
 12336 | D:8      | Reached skill level 11 in Unarmed Combat
 12447 | D:8      | Found a staircase to the Lair.
 12604 | D:8      | Reached XP level 11. HP: 96/96 MP: 14/14
 13386 | D:9      | Reached **** piety under Makhleb
 13636 | D:9      | Found an iron altar of Okawaru.
 13959 | D:10     | Entered Level 10 of the Dungeon
 14034 | D:10     | Reached skill level 1 in Armour
 14131 | D:10     | Learned a level 4 spell: Passage of Golubria
 15112 | D:10     | Noticed a two-headed ogre
 15135 | D:10     | Killed a two-headed ogre
 15143 | D:10     | Reached skill level 10 in Fighting
 15631 | D:11     | Found a transporter.
 15632 | D:11     | Noticed Arthanis's ghost (journeyman GrBe)
 15633 | D:11     | Found a transporter.
 15984 | D:11     | Noticed a two-headed ogre
 15994 | D:11     | Killed a two-headed ogre
 16810 | D:11     | Noticed a five-headed hydra
 16820 | D:11     | Killed a five-headed hydra
 16820 | D:11     | Reached skill level 5 in Armour
 16820 | D:11     | Reached XP level 12. HP: 88/107 MP: 17/17
 17054 | D:12     | Found Zottuaca's Antique Armour Boutique.
 17057 | D:12     | Found Afiuji's Antique Weapon Emporium.
 17074 | D:12     | Reached skill level 12 in Unarmed Combat
 17576 | D:12     | Found Efysytej's Assorted Antiques.
 17701 | D:12     | Found Josaun's Food Boutique.
 17866 | D:12     | Mangled by a very large slime creature

Illustrated notes

Levels and vault maps discovered:
D:1:      giann_horns, layout_loops_corners
D:2:      layout_basic, uniq_natasha
D:3:      layout_loops_ring, lemuel_coloured_pillars_altar, uniq_sigmund
D:4:      layout_loops_cross, tso_altar, yredelemnul_forgotten_temple_becter,
          chequers_temple_overflow_minitemple, temple_doors_e, first_ration
D:5:      layout_gridville, wad_floor_pattern_1, uniq_pikel, uniq_ijyb,
          uniq_edmund
D:6:      layout_basic, kennysheep_mini, old_standard_altar,
          kennysheep_generic_room_16
D:7:      kennysheep_housing_project, layout_cave_pools
D:8:      layout_basic, lemuel_round_altar, minmay_lair_entry_grove,
          ebering_ghost_disaster_area, serial_bayou_lagoon_a,
          blue_anna_alchemist [blue_anna_fruit_fields, blue_anna_fruit_fields],
          grunt_tough_drop, uniq_gastronok, uniq_maurice
D:9:      layout_rooms, david_orc_2, kennysheep_okawaru_gauntlet
D:10:     layout_gridville, minmay_circle_x
D:11:     layout_roguey, gammafunk_ghost_mausoleum, minivault_7
D:12:     layout_basic, serial_shops, kennysheep_mini_moat,
          nicolae_shop_competitors_out_of_business, shop,
          nicolae_shop_waterfront, kennysheep_little_box,
          grunt_gozag_breadcrumbs

Skill      XL: |  1  2  3  4  5  6  7  8  9 10 11 12 |
---------------+-------------------------------------+-----
Dodging        | 2 3 4 5 6 7 8 |  8.1
Unarmed Combat | 3 4 5 7 8 10 11 12 | 12.2
Fighting       | 3 4 5 6 7 9 10 | 10.7
Invocations    | 3 6 8 |  8.6
Armour         | 5 |  5.9
Throwing       | |  0.8
Spellcasting   | |  1.7
Translocations | |  2.6

Action                   |  1- 3 |  4- 6 |  7- 9 | 10-12 || total
-------------------------+-------+-------+-------+-------++-------
Melee: Unarmed           |    93 |   127 |   305 |   897 ||  1422
       Punch             |       |     1 |     8 |    37 ||    46
 Fire: Hunting sling     |       |       |    57 |    43 ||   100
Throw: Dart              |    12 |     5 |    12 |    34 ||    63
       Boomerang         |     3 |       |       |       ||     3
Invok: Lesser Servant of |       |       |       |     9 ||     9
       Major Destruction |       |       |       |     1 ||     1
Evoke: Wand              |       |       |       |     2 ||     2
  Use: Scroll            |       |       |    12 |    11 ||    23
       Potion            |       |       |       |     3 ||     3
 Stab: Sleeping          |       |       |     2 |     5 ||     7
  Eat: Chunk             |     6 |     4 |    21 |    29 ||    60
Armor: Leather armour    |    24 |    33 |    39 |   197 ||   293
       Plate armour      |       |       |       |    14 ||    14
Dodge: Dodged            |    67 |    76 |   175 |   616 ||   934
